Map: Lost and Found LE

Players

uThermal - Winner!

  • Race: Terran Terran
  • Spawn Location: 7:00

Snute

  • Race: Zerg Zerg
  • Spawn Location: 1:00

Event: WCS Valencia 2018

VOD

Have the link to the VOD?

Description

Time

  • Played on: July 13, 2018, 7:58 a.m.
  • Length: 12:26

All games in this series

Show
View Real Time Build Order
Export as new Build Order

uThermal Terran - Winner!

Build Orders: Hellion Opening, Reaper Expand, Bio Tank 

Get SALT Encoding   

  12  0:01  SCV  
  13  0:13  SCV  
  14  0:16  Supply Depot  
  14  0:25  SCV  
  15  0:38  SCV  
  15  0:39  Barracks  
  16  0:43  Refinery  
  16  0:50  SCV  
  17  1:02  SCV  
  18  1:14  SCV  
  19  1:27  Reaper, Orbital Command  
  20  1:38  Command Center  
  20  1:47  Supply Depot  
  20  1:53  SCV  
  21  1:59  Marine  
  22  2:05  SCV  
  22  2:07  Factory  
  23  2:12  Refinery  
  23  2:17  SCV  
  23  2:22  Barracks Reactor  
  24  2:29  SCV  
  25  2:41  SCV  
  26  2:51  Starport, Orbital Command  
  26  2:53  SCV  
  27  3:02  Hellion x2  
  27  3:05  Barracks Tech Lab, SCV  
  32  3:13  Supply Depot  
  32  3:17  SCV  
  33  3:23  Hellion x2, SCV  
  38  3:30  SCV  
  38  3:33  Raven  
  41  3:36  SCV  
  41  3:37  Supply Depot  
  42  3:42  SCV  
  42  3:45  Hellion x2  
  47  3:48  SCV  
  47  3:54  SCV  
  49  4:01  Command Center  
  49  4:02  SCV  
  50  4:08  Hellion  
  50  4:09  Hellion  
  54  4:14  Supply Depot  
  54  4:15  SCV  
  54  4:17  Raven  
  55  4:18  SCV  
  55  4:20  Barracks Tech Lab  
  58  4:27  SCV  
  58  4:30  SCV  
  61  4:31  Hellion  
  61  4:36  Hellion  
  59  4:39  SCV  
  59  4:42  SCV  
  59  4:44  Marine  
  59  4:45  Stimpack  
  58  4:51  SCV  
  59  4:54  SCV  
  59  4:57  Engineering Bay x2  
  60  5:03  SCV  
  60  5:05  Marine  
  60  5:06  SCV  
  63  5:09  Barracks x2, Starport Reactor  
  63  5:12  Refinery  
  63  5:14  Orbital Command, Refinery  
  63  5:17  SCV  
  64  5:21  SCV  
  64  5:23  Marine  
  66  5:30  Terran Infantry Armor Level 1, Terran Infantry Weapons Level 1  
  66  5:32  SCV  
  67  5:39  Siege Tank  
  67  5:41  Marine  
  61  5:45  SCV  
  60  5:50  Barracks  
  60  5:51  Barracks  
  60  5:52  SCV  
  60  5:56  Marine x2  
  63  5:58  SCV  
  63  6:00  SCV  
  63  6:01  Marine  
  63  6:02  Starport Reactor  
  63  6:03  Marine x2  
  68  6:11  Siege Tank  
  71  6:12  Orbital Command  
  71  6:14  Marine x2  
  71  6:16  SCV x2  
  75  6:19  Marine  
  75  6:21  Marine x2  
  75  6:22  Supply Depot  
  78  6:27  Supply Depot  
  78  6:28  SCV  
  78  6:30  Armory  
  78  6:31  SCV  
  78  6:32  Marine x2  
  82  6:37  SCV, Marine  
  82  6:39  Marine  
  85  6:41  Barracks Reactor x2  
  85  6:44  SCV, Marine  
  85  6:45  Supply Depot, Medivac  
  89  6:48  Combat Shields  
  89  6:50  Marine  
  89  6:51  SCV  
  89  6:52  Supply Depot  
  89  6:53  Medivac, Marine  
  94  6:55  Marine  
  94  7:00  Siege Tank  
  98  7:02  SCV x2  
  98  7:03  Marine  
  98  7:04  Refinery  
  98  7:05  Refinery  
  98  7:07  SCV, Marine x2  
  104  7:09  Supply Depot  
  104  7:11  Marine  
  104  7:12  Marine  
  104  7:14  SCV x2  
  108  7:16  Supply Depot, Medivac  
  108  7:18  Marine x2  
  108  7:19  SCV  
  108  7:21  Marine  
  114  7:23  Supply Depot  
  114  7:24  Factory  
  114  7:27  SCV, Marine x2  
  117  7:30  Marine x3  
  117  7:34  Terran Infantry Weapons Level 2  
  117  7:36  SCV  
  121  7:41  Supply Depot, Marine x2  
  121  7:42  Marine x2  
  128  7:44  Siege Tank  
  128  7:45  Marine  
  128  7:46  Supply Depot  
  128  7:49  Medivac  
  131  7:53  Marine  
  131  7:54  Marine x2  
  134  8:03  SCV  
  122  8:16  Marine x2  
  122  8:17  Marine x2, Siege Tank  
  122  8:18  Marine x5  
  122  8:19  Factory Tech Lab, Terran Infantry Armor Level 2  
  124  8:21  Terran Vehicle Weapons Level 1  
  124  8:22  Medivac  
  126  8:29  Medivac  
  128  8:34  Marine x3  
  128  8:35  Marine x3  
  128  8:37  Marine x2  
  135  8:43  Missile Turret  
  135  8:44  Thor, Missile Turret x2  
  141  8:50  Marine  
  141  8:51  Command Center  
  141  8:55  Liberator  
  142  8:57  Marine  
  142  8:58  Marine  
  142  8:59  Marine  
  142  9:01  Liberator, Marine x2  
  144  9:04  Marine  
  144  9:06  Marine x2, Siege Tank  
  148  9:10  Supply Depot  
  151  9:18  SCV  
  151  9:24  Supply Depot  
  155  9:25  Marine x2  
  157  9:32  Marine x2, Siege Tank  
  157  9:38  Liberator, Missile Turret, Marine x2  
  157  9:44  Liberator  
  146  9:48  Marine x4  
  146  9:49  Thor  
  157  9:55  Marine  
  160  10:05  Missile Turret  
  163  10:07  Barracks Reactor  
  163  10:09  Planetary Fortress  
  163  10:13  SCV x2, Sensor Tower  
  165  10:16  Marine x3  
  165  10:17  Marine x2  
  165  10:18  Marine  
  170  10:24  Marine  
  170  10:26  Missile Turret  
  170  10:28  Supply Depot  
  170  10:30  Siege Tank  
  170  10:34  Marine x2  
  172  10:40  Marine x3  
  172  10:46  Marine x2  
  172  10:47  Supply Depot  
  174  10:52  Liberator  
  174  10:53  Marine x2  
  174  10:54  Marine  
  174  10:56  Siege Tank  
  180  11:01  Supply Depot  
  180  11:09  Marine x5  
  188  11:22  Marine x3, Siege Tank  
  194  11:37  Marine x2  
  196  11:47  Marine  
  196  11:48  Siege Tank  
  159  11:58  Marine x8  
  146  12:05  Marine  
Show
View Real Time Build Order
Export as new Build Order

Snute Zerg 

Build Orders: Hatch First, Muta Ling Bane 

Get SALT Encoding   

  12  0:00  Drone  
  13  0:12  Overlord  
  13  0:16  Drone  
  14  0:30  Drone x2  
  14  0:34  Drone  
  17  0:50  Hatchery  
  17  0:53  Drone  
  17  0:57  Drone  
  18  0:59  Extractor  
  17  1:12  Spawning Pool  
  17  1:15  Drone  
  17  1:18  Drone  
  18  1:28  Drone  
  19  1:38  Overlord  
  19  1:49  Drone  
  20  1:59  Metabolic Boost, Queen  
  22  2:01  Queen  
  22  2:03  Zergling x2  
  22  2:05  Zergling x2  
  26  2:10  Drone  
  26  2:14  Zergling x2  
  28  2:23  Drone  
  28  2:24  Drone  
  30  2:33  Spore Crawler  
  30  2:34  Drone  
  30  2:35  Drone  
  31  2:39  Queen  
  31  2:43  Overlord  
  33  2:48  Drone  
  35  2:55  Drone  
  35  2:58  Overlord  
  36  3:04  Drone  
  37  3:08  Drone x2  
  37  3:11  Drone x3  
  37  3:12  Drone  
  43  3:14  Overlord  
  43  3:21  Hatchery  
  43  3:23  Drone  
  43  3:24  Drone  
  44  3:28  Drone  
  44  3:32  Queen  
  47  3:37  Queen  
  47  3:39  Drone  
  50  3:43  Drone x2  
  50  3:45  Drone  
  50  3:48  Drone x2  
  55  3:50  Drone  
  55  3:54  Drone x3  
  59  3:58  Drone  
  60  4:04  Overlord  
  60  4:16  Overlord, Zergling x2  
  60  4:20  Evolution Chamber  
  60  4:21  Evolution Chamber  
  60  4:23  Zergling x2  
  60  4:24  Zergling x6  
  62  4:25  Queen x2  
  54  4:39  Drone x2  
  54  4:40  Drone  
  54  4:42  Drone x4  
  54  4:45  Drone x4  
  62  4:53  Drone  
  62  4:54  Drone x2  
  62  4:59  Drone  
  66  5:04  Drone  
  66  5:05  Drone  
  66  5:06  Zerg Ground Armor Level 1  
  66  5:07  Zerg Melee Weapons Level 1  
  68  5:10  Drone  
  69  5:14  Drone x3  
  69  5:16  Drone  
  69  5:18  Drone  
  74  5:21  Extractor  
  74  5:22  Drone x3  
  74  5:24  Drone  
  76  5:29  Drone x2  
  76  5:32  Zergling x2  
  76  5:37  Zergling x2  
  76  5:38  Zergling x2  
  74  5:43  Drone x6  
  74  5:44  Lair  
  74  5:49  Extractor x2  
  79  5:50  Drone  
  79  5:51  Spore Crawler, Drone  
  79  5:52  Spore Crawler  
  79  5:54  Drone  
  79  6:07  Overlord, Drone x3  
  79  6:11  Baneling Nest  
  81  6:13  Hatchery  
  81  6:14  Spore Crawler  
  81  6:17  Drone  
  81  6:18  Drone x2  
  82  6:21  Overlord  
  82  6:23  Overlord  
  82  6:25  Extractor x2, Hatchery  
  80  6:26  Drone x4  
  80  6:28  Drone  
  80  6:30  Drone  
  80  6:31  Drone  
  86  6:38  Zergling x8  
  86  6:39  Overlord  
  90  6:43  Spire  
  89  6:47  Drone  
  89  6:48  Drone x2  
  89  6:51  Zergling x2  
  89  6:52  Zergling x2  
  94  6:55  Centrifical Hooks  
  94  6:57  Zergling x2  
  94  6:59  Zergling x2  
  94  7:00  Zergling x10  
  101  7:04  Zerg Ground Armor Level 2  
  101  7:09  Zerg Melee Weapons Level 2  
  101  7:11  Zergling x2  
  101  7:12  Zergling x4  
  104  7:17  Zergling x10  
  109  7:24  Overlord  
  109  7:25  Drone x2  
  111  7:34  Overlord x2  
  111  7:41  Drone x4  
  111  7:42  Drone  
  116  7:45  Zergling x2  
  116  7:46  Zergling x10  
  116  7:47  Baneling x13  
  116  7:48  Baneling  
  116  7:51  Zergling x8  
  123  7:56  Baneling x12  
  123  7:57  Mutalisk  
  128  7:59  Zergling x4  
  128  8:00  Overlord  
  129  8:11  Zergling x2  
  129  8:12  Zergling x20  
  116  8:15  Mutalisk  
  116  8:16  Mutalisk  
  112  8:25  Mutalisk x2  
  116  8:29  Drone  
  116  8:30  Drone x4  
  116  8:32  Hatchery  
  120  8:34  Mutalisk  
  120  8:35  Mutalisk  
  120  8:38  Zergling x8  
  127  8:42  Burrow  
  127  8:45  Mutalisk  
  128  8:56  Zergling x2  
  128  8:57  Zergling x26  
  138  9:05  Mutalisk  
  138  9:06  Mutalisk  
  138  9:09  Overlord  
  141  9:10  Overlord x2, Infestation Pit  
  140  9:22  Overlord  
  140  9:24  Overlord, Zerg Flyer Weapons Level 1  
  140  9:29  Mutalisk x3  
  146  9:31  Zergling x18  
  146  9:34  Hatchery  
  151  9:44  Mutalisk x2  
  146  9:48  Zergling x10  
  146  9:54  Hive  
  146  9:56  Zergling x2  
  146  9:57  Zergling x6  
  146  9:58  Overlord  
  150  10:00  Hatchery  
  150  10:04  Zergling x6  
  150  10:06  Mutalisk  
  152  10:11  Zergling x2  
  155  10:23  Zergling x12  
  161  10:28  Hydralisk Den  
  160  10:40  Zergling x2  
  160  10:41  Zergling x16  
  169  10:49  Extractor  
  168  10:55  Zergling x2  
  168  10:56  Zergling x12  
  173  10:59  Grooved Spines  
  173  11:03  Overlord x2, Evolution Chamber  
  173  11:04  Zergling x16  
  174  11:07  Ultralisk Cavern  
  179  11:15  Baneling x22  
  179  11:16  Baneling  
  179  11:17  Zergling x6  
  179  11:18  Zergling x12  
  188  11:22  Baneling x5  
  188  11:23  Zergling x2, Baneling  
  188  11:24  Zergling x8  
  193  11:29  Zergling x14  
  191  11:51  Zergling x2  
  191  11:52  Zergling x44  
  137  11:57  Zergling x14  
  137  12:00  Zergling x6  
  111  12:06  Zergling x12  
  111  12:10  Baneling  
  111  12:11  Baneling x14  
Tags
 
Add a new tag
Caveats
  • Supply blocks, unpowered buildings, or Contaminate may cause inaccurate times.
  • Supply counts are checked every 10 seconds.